 Dungeon Crawl Stone Soup version 0.27-a0-1051-g288ea87c7c (webtiles) character file.

Game seed: 7381984568948742436

2 spiderkeys the Skirmisher (level 1, -20/20 HPs)
             Began as a Hill Orc Abyssal Knight on Apr 20, 2021.
             Was an Initiate of Lugonu.
             Engulfed by a cloud of flame (22 damage)
             ... on level 1 of the Dungeon.
             The game lasted 00:01:11 (405 turns).

spiderkeys the Skirmisher (Hill Orc Abyssal Knight)  Turns: 405, Time: 00:01:12

Health: -20/20     AC:  3    Str: 14    XL:     1   Next: 30%
Magic:  2/2        EV: 11    Int: 12    God:    Lugonu [......]
Gold:   56         SH:  0    Dex: 10    Spells: 0/0 levels left

rFire    . . .     SeeInvis .   a - +1 hand axe
rCold    . . .     Faith    .   (no shield)
rNeg     . . .     Spirit   .   b - +0 leather armour
rPois    .         Reflect  .   (no helmet)
rElec    .         Harm     .   (no cloak)
rCorr    .         Rampage  .   (no gloves)
Will     .....                  (no boots)
Stlth    +.........             (no amulet)
HPRegen  0.06/turn              (no ring)
MPRegen  0.08/turn              (no ring)

@: no status effects
A: no striking features
a: Renounce Religion


You were on level 1 of the Dungeon.
You worshipped Lugonu.
Lugonu was noncommittal.
You visited 1 branch of the dungeon, and saw 1 of its levels.
You visited the Abyss 1 time.

You collected 56 gold pieces.


   Skills:
 + Level 3.6 Fighting
 * Level 2.7 Axes
 + Level 2.2 Armour
 + Level 0.7 Dodging
 + Level 2.4 Invocations


You couldn't memorise any spells.
You didn't know any spells.
Your spell library was empty.

Inventory:

Hand Weapons
 a - a +1 hand axe (weapon)
Missiles
 c - 14 arrows
Armour
 b - a +0 leather armour (worn)
 f - a +0 chain mail
   (You found it on level 3 of the Abyss)
Scrolls
 e - a scroll of teleportation {@r4}
 g - a scroll of fear
Potions
 d - a potion of curing {unknown}

Dungeon Overview and Level Annotations

Branches:
Dungeon (1/15)

Altars:

.. ####...####
..........# .........
........ #...#.#
#...#.#
###§§.#.#########
#.§.@...........####
....>##§###.###.......#
### #.# #.###.##.##)##
#.# #.............
##### #.#
###.........#. .....+
#.# #.#.#...#.#. .....#
#.# #.#.##.#.... .....#
..# ##...###.###.
.....# #...≈.#.## ##


There were no monsters in sight!


Message History

2 spatial vortices come into view.
A spatial vortex comes into view. x2
A spatial maelstrom comes into view.
There is a gateway leading deeper into the Abyss here.
Okay, then.
You plunge deeper into the Abyss.
The abyssal rune of Zot can be found at this depth.
As you read the scroll labelled NACWOTESSINA, it crumbles to dust.
It is a scroll of identify.
e - a scroll of teleportation You see here a +0 chain mail.
f - a +0 chain mail A chaos spawn comes into view.
The chaos spawn's eagle head screeches!
You see here 22 sling bullets.
You see here a scroll labelled REGIUCSYQYCS.
g - a scroll labelled REGIUCSYQYCS You pass through the gate.
You can no longer depart the Abyss at will.
There is a staircase leading out of the dungeon here. 😎 MP[-1]
You lost 1 mp, and now have 1/2 mp.
Okay, then.
As you read the scroll of identify {@r1}, it crumbles to dust.
g - a scroll of fear You open the door.
There is an open door here.
You open the door.
There is an open door here.
You open the door.
There is an open door here.
You open the door.
There is an open door here.
As you open the door, it creaks loudly!
There is an open door here.
You open the door.
There is an open door here.
You now have 27 gold pieces (gained 13).
You now have 37 gold pieces (gained 10).
d - a pink potion 😎 MP[+1]
Your mp is fully restored (2).
A bat comes into view.
The bat completely misses you. The bat closely misses you.
You hit the bat. The bat hits you but does no damage.
You slash the bat!
You kill the bat!
Lugonu accepts your kill.
No target in view!
No target in view!
You now have 56 gold pieces (gained 19).
h - a scroll labelled VIOJEESHRAO A bat comes into view.
The bat barely misses you. The bat misses you. The bat closely misses you.
You hit the bat but do no damage. The bat closely misses you.
A bat is nearby!
The bat barely misses you. The bat barely misses you.
No target in view!
A bat is nearby!
The bat barely misses you. The bat misses you.
You closely miss the bat. The bat closely misses you. x2
The bat barely misses you. x2
You closely miss the bat. The bat barely misses you.
You enter the shallow water.
Moving in this stuff is going to be slow.
The bat hits you but does no damage. The bat closely misses you.
You hit the bat. The bat hits you but does no damage.
The bat hits you but does no damage. The bat hits you but does no damage.
You barely miss the bat. The bat hits you but does no damage. x2
You hit the bat.
You kill the bat!
Lugonu accepts your kill. 😎 HP[+1]
You now have 20 max hp (+1).
Your hp is fully restored (20).
No target in view!
No target in view!
Key pressed, stopping explore.
Found a stone staircase leading down.
No target in view!
No target in view!
A rat comes into view.
A rat is nearby!
As you read the scroll labelled VIOJEESHRAO, it crumbles to dust.
The creatures around you are filled with an inner flame!
It was a scroll of immolation.
Unknown command.
You barely miss the rat. The rat bites you. 😕 HP[-1]
You take 1 damage, and now have 19/20 hp.
You hit the rat. Lugonu accepts your kill.
The rat explodes!
The fiery explosion engulfs you!
Ouch! That really hurt!
* * * LOW HITPOINT WARNING * * *
You are engulfed in blazing flames.
Ouch! That really hurt!
You die...

Action                   || total
-------------------------++-------
Melee: Hand axe          ||    10
Invok: Depart the Abyss  ||     1
  Use: Scroll            ||     3
Armor: Leather armour    ||     7
Dodge: Dodged            ||    16

Levels and vault maps discovered:
D:1:      evilmike_arrival_fibonacci_small, layout_loops_ring,
          chequers_serial_rivers_micro_c

Notes
Turn   | Place    | Note
-------+----------+-------------------------------------------
     0 | Abyss:1  | spiderkeys the Hill Orc Abyssal Knight began the quest for
                  | the Orb.
     0 | Abyss:1  | Reached XP level 1. HP: 19/19 MP: 2/2
     0 | Abyss:1  | magus.rc [v1.9.10]
     0 | Abyss:1  | Found a corrupted altar of Lugonu.
    35 | Abyss:1  | Found a corrupted altar of Lugonu.
   157 | Abyss:2  | Noticed a spatial vortex
   157 | Abyss:2  | Noticed a spatial vortex
   157 | Abyss:2  | Noticed a spatial vortex
   158 | Abyss:2  | Noticed a spatial vortex
   158 | Abyss:2  | Noticed a spatial maelstrom
   177 | Abyss:3  | Noticed a chaos spawn
   186 | D:1      | You pass through the gate.
   186 | D:1      | Escaped the Abyss
   405 | D:1      | HP: 2/20 [spore (17)]
   405 | D:1      | Engulfed by a cloud of flame

Vanquished Creatures
  2 bats (D:1)
  A rat (D:1)
3 creatures vanquished.

Table legend:
 A = Non-vault XP
 B = Vault XP
 C = Vault XP percentage of total XP
 D = Non-vault monster count
 E = Vault monster count
 F = Vault count percentage of total count
                 A         B        C        D         E       F
            +---------+---------+-------+---------+---------+-------
      Total |       4 |       0 |   0.0 |       3 |       0 |   0.0
            +---------+---------+-------+---------+---------+-------
        D:1 |       4 |       0 |   0.0 |       3 |       0 |   0.0
            +---------+---------+-------+---------+---------+-------

Illustrated notes

Table legend:
 A = Kills in this place as a percentage of kills in entire the game.
 B = Kills by you in this place as a percentage of kills by you in the entire game.
 C = Kills by friends in this place as a percentage of kills by friends in the entire game.
 D = Other kills in this place as a percentage of other kills in the entire game.
 E = Experience gained in this place as a percentage of experience gained in the entire game.
 F = Experience gained in this place divided by the number of levels of this place that you have seen.
                   A       B       C       D       E      F
               +-------+-------+-------+-------+-------+----------------------
         Total | 100.0 | 100.0 |   N/A |   N/A | 100.0 |   1.0
       Dungeon | 100.0 | 100.0 |   N/A |   N/A | 100.0 |   4.0
               +-------+-------+-------+-------+-------+----------------------

Table legend: (Time is in decaauts)
 A = Elapsed time spent in this place.
 B = Non-inter-level travel time spent in this place.
 C = Inter-level travel time spent in this place.
 D = Time resting spent in this place.
 E = Time spent auto-exploring this place.
 F = Levels seen in this place.
 G = Mean time per level.
                   A        B        C        D        E       F      G
               +--------+--------+--------+--------+--------+-----+--------+
         Total |    406 |    406 |      0 |      0 |    284 |   4 |  101.5 |
       Dungeon |    220 |    220 |      0 |      0 |    190 |   1 |  220.0 |
         Abyss |    185 |    185 |      0 |      0 |     94 |   3 |   61.7 |
               +--------+--------+--------+--------+--------+-----+--------+

Top non-repeatable levels by time:
     D:1: 220 daAuts
 Abyss:1: 107 daAuts
 Abyss:2: 52 daAuts
 Abyss:3: 25 daAuts
